 Dungeon Crawl Stone Soup version 0.19.1 (console) character file.

255 Morrissey the Archer (level 5, -1/41 HPs)
             Began as a Centaur Hunter on Dec 27, 2016.
             Slain by an orc warrior
             ... wielding a +0 hand axe
              (11 damage)
             ... on level 6 of the Dungeon.
             The game lasted 00:05:25 (3645 turns).

Morrissey the Archer (Centaur Hunter)               Turns: 3645, Time: 00:05:25

Health: -1/41      AC:  5    Str: 14    XL:     5   Next: 91%
Magic:  5/5        EV:  9    Int: 10    God:
Gold:   204        SH:  0    Dex: 11    Spells: 0 memorised, 4 levels left

rFire  . . .     SeeInvis .     b - +2 dagger (venom)
rCold  . . .     Gourm    .     c - +0 leather armour
rNeg   . . .     Faith    .     (no shield)
rPois  .         Spirit   .     (no helmet)
rElec  .         Reflect  .     u - +0 cloak
rCorr  .         Harm     .     (no gloves)
MR     .....                    (no barding)
Stlth  +.........               (no amulet)
                                (no ring)
                                (no ring)

@: very quick
A: hooves 3, deformed body, speed 2, tough skin 3
a: no special abilities


You were on level 6 of the Dungeon.
You were not hungry.

You visited 1 branch of the dungeon, and saw 5 of its levels.

You collected 204 gold pieces.

Inventory:

Hand Weapons
 a - a +1 shortbow
 b - a +2 dagger of venom (weapon)
 m - a +0 short sword
 t - a +0 trident
Missiles
 d - 38 arrows
Armour
 c - a +0 leather armour (worn)
 u - a +0 cloak (worn)
Wands
 w - a wand of iceblast (10/15)
Scrolls
 j - 2 scrolls of identify {unknown}
 l - 3 scrolls of remove curse {unknown}
 n - a scroll of fear {unknown}
 o - a scroll of blinking {unknown}
 q - a scroll of enchant weapon {unknown}
Potions
 e - a potion of degeneration {unknown}
 g - a potion of haste {unknown}
 h - 3 potions of curing
 p - a potion of ambrosia {unknown}
 r - a potion of lignification {unknown}
 s - 2 potions of agility {unknown}
 x - a potion of brilliance {unknown}
Comestibles
 f - 3 bread rations
 i - a fruit
 k - 2 meat rations
 v - a chunk of flesh


   Skills:
 - Level 2.0 Fighting
 + Level 9.4 Bows
 - Level 1.3 Dodging
 - Level 0.4 Stealth


You had 4 spell levels left.
You didn't know any spells.

Dungeon Overview and Level Annotations

Branches:
Dungeon (4/15)
 Temple: D:4-7

Altars:
Xom


Innate Abilities, Weirdness & Mutations

You have hooves in place of feet.
Armour fits poorly on your strangely shaped body.
You cover ground very quickly.
You have extremely tough skin. (AC +3)


Message History

The orc warrior completely misses you.
You hit the orc warrior but do no damage.
The orc warrior is poisoned.
You kick the orc warrior, but do no damage.
The orc warrior is lightly wounded.
The orc warrior hits you with a hand axe!
* * * LOW HITPOINT WARNING * * *
The orc throws a tomahawk.
The tomahawk hits you.
* * * LOW HITPOINT WARNING * * *
Items here: (( ) † a tomahawk; an arrow; a dagger; an orc corpse An orc comes into view.
The orc shouts!
You closely miss the orc. The orc hits you with a short sword.
* * * LOW HITPOINT WARNING * * *
It was a potion of curing.
You feel better.
The orc hits you but does no damage. x2; The orc priest completely misses you.
The orc warrior hits you with a hand axe!
You die...

#.# ##.####.# #.#
#.......# #####.#
####..######
#.....#######†....#
#.###............##
#.# #..........o.#
#.# #............#
#.# #....o..oo...#
#.###########@##.#
#.(........(oo##.#
################.#
.#


You could see an orc warrior, 2 orc priests and 3 orcs.

Vanquished Creatures
  A scorpion (D:6)
  Natasha (thrice) (D:2)
  A worker ant (D:4)
  2 adders
  2 oozes (D:1)
  An adder skeleton (D:4)
  5 worms
  3 dart slugs
  3 leopard geckos
  An orc (D:6)
  5 bats
  6 giant cockroaches
  8 hobgoblins
  2 jackals (D:4)
  5 kobolds
  A quokka (D:2)
  2 frilled lizards
  3 goblins
  5 rats
59 creatures vanquished.

Notes
Turn   | Place    | Note
-------+----------+-------------------------------------------
     0 | D:1      | Morrissey the Centaur Hunter began the quest for the Orb.
     0 | D:1      | Reached XP level 1. HP: 17/17 MP: 1/1
   179 | D:1      | Reached XP level 2. HP: 24/24 MP: 2/2
   185 | D:1      | Reached skill level 6 in Bows
  1054 | D:2      | Reached XP level 3. HP: 29/29 MP: 3/3
  1113 | D:2      | Noticed Natasha
  1150 | D:2      | Killed Natasha
  1150 | D:2      | Reached skill level 7 in Bows
  1447 | D:2      | Noticed Natasha
  1458 | D:2      | Killed Natasha
  1458 | D:2      | Reached XP level 4. HP: 14/36 MP: 4/4
  2046 | D:2      | Noticed Natasha
  2051 | D:2      | Killed Natasha
  2051 | D:2      | Reached skill level 8 in Bows
  2517 | D:3      | Reached XP level 5. HP: 39/41 MP: 5/5
  2708 | D:3      | Found a shimmering altar of Xom.
  3285 | D:4      | Reached skill level 9 in Bows
  3550 | D:4      | You fall through a shaft for 2 floors!
  3583 | D:6      | Noticed an orc warrior
  3644 | D:6      | HP: 1/41 [orc/short sword (4)]
  3645 | D:6      | Slain by an orc warrior

Skill      XL: |  1  2  3  4  5 |
---------------+----------------+-----
Bows           | 6 7 8 9 |  9.4
Fighting       | |  2.0
Dodging        | |  1.3
Stealth        | |  0.4

Action                   |  1- 3 |  4- 6 || total
-------------------------+-------+-------++-------
Melee: Short sword       |    53 |       ||    53
       Kick              |    13 |    19 ||    32
       Dagger            |     7 |    99 ||   106
 Fire: Shortbow          |    21 |    15 ||    36
  Use: Potion            |       |     1 ||     1
  Eat: Chunk             |     1 |     5 ||     6
Armor: Leather armour    |    12 |    24 ||    36
Dodge: Dodged            |    38 |    35 ||    73
